 Dungeon Crawl Stone Soup version 0.29.1-2-gbd0b4ee654 (webtiles) character file.

Game seed: 18024506563723340399

44 KittyFluff the Trooper (level 3, -4/24 HPs)
             Began as a Gargoyle Berserker on Nov 27, 2022.
             Was a Follower of Trog.
             Killed from afar by an orc wizard (7 damage)
             ... with a magic dart
             ... on level 3 of the Dungeon.
             The game lasted 00:07:40 (1904 turns).

KittyFluff the Trooper (Gargoyle Berserker)         Turns: 1904, Time: 00:07:40

Health: -4/24      AC:  8    Str: 20    XL:     3   Next: 62%
Magic:  3/3        EV: 12    Int:  7    God:    Trog [*.....]
Gold:   153        SH:  0    Dex: 11    Spells: 2/2 levels left

rFire   . . .      SeeInvis .   a - +0 mace
rCold   . . .      Faith    .   (no shield)
rNeg    + . .      Spirit   .   b - +0 animal skin
rPois   ∞          Reflect  .   t - +2 hat
rElec   +          Harm     .   e - +0 cloak
rCorr   .          Rampage  .   (no gloves)
Will    .....                   (no boots)
Stlth   +.........              (no amulet)
HPRegen 0.08/turn               (no ring)
MPRegen 0.08/turn               (no ring)

@: no status effects
A: sickness immunity, AC +3, negative energy resistance 1, electricity
resistance, torment resistance 1, petrification resistance
a: Renounce Religion, Berserk


You were on level 3 of the Dungeon.
You worshipped Trog.
Trog was aware of your devotion.
You visited 1 branch of the dungeon, and saw 3 of its levels.

You collected 153 gold pieces.

Inventory:

Hand Weapons
 a - a +0 mace (weapon)
 d - a +2 antimagic short sword
Missiles
 c - 56 stones (quivered)
 f - 3 poisoned darts
Armour
 b - a +0 animal skin (worn)
 e - a +0 cloak (worn)
 j - a +0 leather armour
 t - a +2 hat (worn)
Magical Staves
 k - a staff of air
Jewellery
 r - a ring of ice
Scrolls
 g - 3 scrolls of identify {unknown}
 l - a scroll of torment {unknown}
 m - a scroll of noise {unknown}
 o - a scroll of silence {unknown}
 p - a scroll of enchant weapon {unknown}
 q - a scroll of enchant armour {unknown}
 v - a scroll of fear {unknown}
Potions
 h - a potion of haste {unknown}
 i - a potion of might {unknown}
 n - a potion of heal wounds {unknown}
 s - 3 potions of curing {unknown}
 u - 2 potions of cancellation {unknown}
 w - a potion of berserk rage {unknown}


   Skills:
 + Level 3.8 Fighting
 + Level 3.6 Maces & Flails
 * Level 2.7 Armour
 + Level 1.8 Dodging


You had 2 spell levels left.
You didn't know any spells.
Your spell library contained the following spells:

 Spells                   Type           Power      Damage    Failure   Level
 Ensorcelled Hibernation  Hex/Ice        0%         N/A       56%         2
 Passwall                 Tmut/Erth      0%         N/A       56%         2
 Swiftness                Air            0%         N/A       80%         3


Dungeon Overview and Level Annotations

Branches:
Dungeon (3/15)

Altars:


Innate Abilities, Weirdness & Mutations

You are immune to sickness and miasma.
Your stone body is resilient. (AC +3)
You are immune to poison.
You resist negative energy. (rN+)
You are resistant to electric shocks. (rElec)
You are resistant to unholy torment.
You are immune to petrification.


Message History

The orc wizard hits you but does no damage.
You bump into the rock wall.
The orc wizard casts a spell at you.
You are more confused.
You bump into the rock wall.
The orc wizard casts a spell at you. You resist with significant effort.
You bump into the rock wall.
The orc wizard gestures wildly while chanting.
The orc wizard flickers and vanishes!
Deactivating autopickup; reactivate with Ctrl-A.
You closely miss something. Something hits you.
You hear some strange, mumbled words.
You are more confused.
You bump into the rock wall.
Something hits you but does no damage.
You bump into the rock wall.
Something hits you but does no damage.
You closely miss something. Something hits you but does no damage.
You're too confused to move!
Something hits you.
A magic dart appears from out of thin air!
The magic dart hits you!
* * * LOW HITPOINT WARNING * * *
You bump into the rock wall.
You barely miss something.
You hear some strange, mumbled words.
A puff of flame appears from out of thin air!
The puff of flame hits you.
* * * LOW HITPOINT WARNING * * *
You are too confused!
You closely miss something. Something hits you.
* * * LOW HITPOINT WARNING * * *
You hit something but do no damage. Something hits you but does no damage.
You barely miss something.
You feel less confused.
Something hits you but does no damage. x2
You barely miss something. Something barely misses you.
You closely miss something.
You hear some strange, mumbled words.
A magic dart appears from out of thin air!
The magic dart hits you!
You die...

......###
.#######........
....o.'.#
.......#....###.
.##+###.#
...........#.... #.#
#.#........#)##. #.#
#.#.##...#.#....
#)###.#........#####
##oo#.#..#.#####
##{#.#.##.#
#@#.#....#
#.....#### ##...##
##>## ###


You could see 2 orcs.

Vanquished Creatures
  An adder (D:2)
  3 orcs (D:3)
  2 bats (D:1)
  5 endoplasms
  A giant cockroach (D:1)
  2 goblins (D:2)
  4 hobgoblins
  3 kobolds
  3 quokkas
  A frilled lizard (D:3)
  3 rats
28 creatures vanquished.

Notes
Turn   | Place    | Note
-------+----------+-------------------------------------------
     0 | D:1      | KittyFluff the Gargoyle Berserker began the quest for the
                  | Orb.
     0 | D:1      | Reached XP level 1. HP: 14/14 MP: 1/1
   518 | D:1      | Reached XP level 2. HP: 18/19 MP: 2/2
  1259 | D:2      | Reached XP level 3. HP: 16/24 MP: 3/3
  1904 | D:3      | Killed from afar by an orc wizard

Illustrated notes

Levels and vault maps discovered:
D:1:      minmay_arrival_shattered_statue, layout_basic
D:2:      layout_loops_ring, nicolae_underground_beach
D:3:      layout_basic, old_standard_altar, grunt_ministairs_2,
          minmay_goblin_kobold_house

Action                   || total
-------------------------++-------
Melee: Mace              ||   105
       Punch             ||     2
Armor: Animal skin       ||    52
Dodge: Dodged            ||    68
